 Dungeon Sprint DCSS version 0.27.1-1-g398f81649c (webtiles) character file.

Game seed: 6953089149512849677

27 styxcanada the Covert (level 2, 0/22 HPs)
             Began as a Spriggan Brigand on Sept 7, 2021.
             Was an Initiate of Gozag.
             Succumbed to a kobold's poison
             ... in the Dungeon (Sprint VII: "The Pits").
             The game lasted 00:02:13 (233 turns).

styxcanada the Covert (Spriggan Brigand)             Turns: 233, Time: 00:02:13

Health: 0/22       AC:  3    Str:  7    XL:     2   Next: 93%
Magic:  3/3        EV: 17    Int: 12    God:    Gozag
Gold:   261        SH:  0    Dex: 16    Spells: 1/1 levels left

rFire    . . .     SeeInvis +   a - +2 dagger
rCold    . . .     Faith    .   (shield restricted)
rNeg     . . .     Spirit   .   b - +0 robe
rPois    .         Reflect  .   (helmet restricted)
rElec    .         Harm     .   c - +0 cloak
rCorr    .         Rampage  .   (gloves unavailable)
Will     .....     NoTele   +   (boots unavailable)
Stlth    ..........             (no amulet)
HPRegen  0.07/turn              (no ring)
MPRegen  0.08/turn              (no ring)

@: berserking, lethally poisoned (0 -> -2), gold aura, very quick
A: very small, no large weapons, unfitting armour, see invisible, speed 3
a: Renounce Religion, Potion Petition, Call Merchant, Bribe Branch


You were in the Dungeon.
You worshipped Gozag.
Gozag was aware of your devotion.
You visited 1 branch You collected 261 gold pieces.

Inventory:

Hand Weapons
 a - a +2 dagger (weapon)
Missiles
 d - 8 poisoned darts (quivered)
 e - 2 curare-tipped darts
 m - 10 stones
Armour
 b - a +0 robe (worn)
 c - a +0 cloak (worn)
Scrolls
 k - a scroll of blinking
 n - 5 scrolls of amnesia
 o - a scroll of summoning
Potions
 f - a potion of curing
 g - a potion of heal wounds
 h - a potion of haste
 i - 4 potions of magic
 j - 2 potions of berserk rage
 l - 2 potions of invisibility


   Skills:
 * Level 2.2 Fighting
 + Level 2.5 Short Blades
 + Level 2.6 Throwing
 * Level 2.8 Dodging
 * Level 9.3 Stealth


You had one spell level left.
You didn't know any spells.
Your spell library was empty.

Dungeon Overview and Level Annotations

Branches:
Dungeon (1/1)

Altars:
Ashenzari
Cheibriados
Dithmenos
Elyvilon
Fedhas
Gozag
Hepliaklqana
Kikubaaqudgha
Makhleb
Nemelex Xobeh
Okawaru
Qazlal
Ru
Sif Muna
Trog
Uskayaw
Vehumet
Wu Jian
Xom
Yredelemnul
Zin
The Shining One
Beogh
Jiyva
Lugonu


Innate Abilities, Weirdness & Mutations

You are very small and have problems with some larger weapons.
You are too small for most types of armour.
You have supernaturally acute eyesight. (SInv)
You cover ground extremely quickly. (Speed+++)


Message History

You barely miss the river rat.
The kobold hits you with a +2 dagger of venom.
The river rat closely misses you.
You hit the river rat.
The river rat is lightly wounded.
The kobold misses you.
The crimson imp blinks!
The river rat bites you. The crimson imp hits you.
There is an open door here.
There is an open door here.
The crimson imp blinks!
The crimson imp blinks!
A red film seems to cover your vision as you go berserk!
You feel yourself moving faster!
You feel mighty! The kobold hits you but does no damage.
You are poisoned.
The crimson imp misses you.
You closely miss the kobold.
You feel sick.
You puncture the kobold!
You kill the kobold!
You feel sick. The crimson imp hits you.
* * * LOW HITPOINT WARNING * * *
You closely miss the crimson imp.
* * * LOW HITPOINT WARNING * * *
You feel sick. The river rat closely misses you.
You closely miss the crimson imp.
* * * LOW HITPOINT WARNING * * *
You feel sick.
The crimson imp blinks!
You hit the river rat.
The river rat is moderately wounded.
The river rat closely misses you.
You puncture the river rat!
You kill the river rat!
* * * LOW HITPOINT WARNING * * *
You feel sick.
Your Stealth skill increases to level 9!
Things that are here:
81 gold pieces; a +2 dagger of venom You feel a strong urge to attack something.
You die...
Your body crumbles into a pile of gold.

############
#_________.#
#_________.#
#_______...###########++
##########'##..........)
#.?..')))'.##......#..#.
##########.##...........
#....5.@$...'....)......
#+#####'#####......#..#.
#..#..# #...........
#..'.)# ####'#####++
#..#### #.......#
#..#..# #.......#
#..#5o# #.......#
##r#..#+###...<...#
#...ยง....##.......#


You could see a crimson imp.

Vanquished Creatures
  A gnoll (D)
  A river rat (D)
  A giant cockroach (D)
  3 goblins (D)
  A kobold (D)
  A quokka (D)
8 creatures vanquished.

Notes
Turn   | Place    | Note
-------+----------+-------------------------------------------
     0 | D        | styxcanada the Spriggan Brigand began the quest for the
                  | Orb.
     0 | D        | Reached XP level 1. HP: 10/10 MP: 2/2
    49 | D        | Reached skill level 7 in Stealth
    49 | D        | Reached XP level 2. HP: 15/15 MP: 3/3
    97 | D        | Found a bloodstained altar of Trog.
    97 | D        | Found a shimmering blue altar of Sif Muna.
    97 | D        | Found a viscous altar of Jiyva.
    97 | D        | Found a hazy altar of Hepliaklqana.
    97 | D        | Found an opulent altar of Gozag.
    98 | D        | Found a glowing golden altar of the Shining One.
    98 | D        | Found a glowing silver altar of Zin.
    98 | D        | Found a basalt altar of Yredelemnul.
    98 | D        | Found a shimmering altar of Xom.
    98 | D        | Found an ornate altar of the Wu Jian Council.
    98 | D        | Found a sacrificial altar of Ru.
    98 | D        | Found a stormy altar of Qazlal.
    98 | D        | Found an iron altar of Okawaru.
    98 | D        | Found a sparkling altar of Nemelex Xobeh.
    98 | D        | Found a burning altar of Makhleb.
    98 | D        | Found a blossoming altar of Fedhas.
    98 | D        | Found a white marble altar of Elyvilon.
    98 | D        | Found a shadowy altar of Dithmenos.
    98 | D        | Found a snail-covered altar of Cheibriados.
    99 | D        | Found a radiant altar of Vehumet.
    99 | D        | Found a corrupted altar of Lugonu.
   100 | D        | Found an ancient bone altar of Kikubaaqudgha.
   100 | D        | Found a hide-covered altar of Uskayaw.
   100 | D        | Found a broken altar of Ashenzari.
   102 | D        | Became a worshipper of Gozag Ym Sagoz the Greedy
   133 | D        | Reached skill level 8 in Stealth
   202 | D        | Noticed a crimson imp
   231 | D        | HP: 1/22 [poisoned by a kobold]
   232 | D        | Reached skill level 9 in Stealth
   233 | D        | Succumbed to a kobold's poison

Illustrated notes

Levels and vault maps discovered:
D:        pitsprint [storerooms_1, entrance_room_1, metal_vault_8, armoury_3,
          mini_pit_1, grid_room_1, main_hall_1, silver_pit, the_coven_1,
          the_vestibule_1, steel_vault_2, golden_pit, hallway_of_sentries,
          crystal_vault_2, iron_vault_4, final_vault]

Skill      XL: |  1  2 |
---------------+-------+-----
Dodging        | 2 |  2.8
Stealth        | 7 9 |  9.3
Fighting       | 2 |  2.2
Short Blades   | |  2.5
Throwing       | |  2.6

Action                   || total
-------------------------++-------
Melee: Dagger            ||    19
Throw: Dart              ||    13
  Use: Potion            ||     1
 Stab: Sleeping          ||     2
Armor: Robe              ||     2
Dodge: Dodged            ||    17
